 Dungeon Crawl Stone Soup version 0.21.1-1-g345015f (webtiles) character file.

126 Kairos the Charmwright (level 4, 34/34 HPs)
             Began as a Demonspawn Skald on Mar 26, 2018.
             Got out of the dungeon alive.
             The game lasted 00:01:56 (1977 turns).

Kairos the Charmwright (Demonspawn Skald)           Turns: 1977, Time: 00:01:57

Health: 34/34      AC:  3    Str: 13    XL:     4   Next: 83%
Magic:  7/7        EV: 12    Int: 14    God:
Gold:   130        SH:  0    Dex: 12    Spells: 6/7 levels left

rFire    . . .     SeeInvis .   a - +0 spear
rCold    . . .     Gourm    .   (no shield)
rNeg     . . .     Faith    .   b - +0 leather armour
rPois    .         Spirit   .   (helmet restricted)
rElec    .         Reflect  .   (no cloak)
rCorr    .         Harm     .   (no gloves)
MR       .....                  (no boots)
Stlth    +.........             (no amulet)
HPRegen  0.11/turn              (no ring)
MPRegen  0.10/turn              (no ring)

@: no status effects
A: antennae 1, spiny 1
a: no special abilities


You escaped.
You were not hungry.

You visited 1 branch of the dungeon, and saw 2 of its levels.

You collected 130 gold pieces.

Inventory:

Hand Weapons
 a - a +0 spear (weapon)
Armour
 b - a +0 leather armour (worn)
Scrolls
 e - 3 scrolls of identify {unknown}
 g - a scroll of teleportation {unknown}
 j - a scroll of remove curse {unknown}
Potions
 f - a potion of invisibility {unknown}
 h - a potion of might {unknown}
 i - a potion of curing {unknown}
 k - a potion of mutation {unknown}
Books
 c - a book of Battle

   Spells                             Type                      Level
   a - Infusion                       Charms                       1
   b - Shroud of Golubria             Charms/Translocation         2
   c - Song of Slaying                Charms                       2
   d - Spectral Weapon                Hexes/Charms                 3
   e - Regeneration                   Charms/Necromancy            3
Comestibles
 d - 2 rations


   Skills:
 + Level 2.3 Fighting
 + Level 2.5 Polearms
 + Level 1.7 Armour
 + Level 2.1 Dodging
 + Level 1.0 Stealth
 + Level 2.2 Spellcasting
 + Level 3.7 Charms


You had 6 spell levels left.
You knew the following spells:

 Your Spells              Type           Power        Failure   Level  Hunger
a - Infusion              Chrm           ##..         6%          1    #......


Dungeon Overview and Level Annotations

Branches:
Dungeon (2/15)

Altars:
Kikubaaqudgha


Innate Abilities, Weirdness & Mutations

You have a pair of small antennae on your head.
You are partially covered in sharp spines.


Message History

You see here a club.
Key pressed, stopping explore.
You see here a club.
You are feeling very hungry.
You butcher the adder corpse.
l - a chunk of flesh Eating a chunk of flesh.
You eat the chunk of flesh.
This raw flesh tastes terrible.
Done exploring.
Done exploring.
Done exploring.
Done exploring.
You see here a war axe.
There is an escape hatch in the ceiling here.
A mysterious force pulls you upwards. The hatch slams shut behind you.
There is a staircase leading out of the dungeon here.
Are you sure you want to leave the Dungeon?
This will make you lose the game!
Uppercase [Y]es or [N]o only, please.
Are you sure you want to leave the Dungeon?
This will make you lose the game!
You have escaped!

# #......# #....(# #..(..#
#.# #
#....#.###.....#######)# #.#
# ##..........#..........#
#.. # #..#.#....#.#....#.#..#
#.# # #.....#..##.##..#.....#
### # #.....#..#...#..#.....#
# #..#..#..#...#..#..#..# #
#...###.........###...# #
####...[....#.@.#......#.# #
#...........#...#....###.# #
#.##.........###....####'##
###.####........#.....##....#
#.....................##.)..#
#...####....##.....##..#....#
#...# #...###.....###......#
....# #...##.#...#.##..##.##
#...# #....###...###...##.#


There were no monsters in sight!

Vanquished Creatures
  A vampire bat (D:2)
  Robin (D:2)
  3 adders (D:2)
  2 worms (D:2)
  A dart slug (D:1)
  A leopard gecko (D:1)
  3 bat skeletons (D:2)
  A bat zombie (D:2)
  A giant cockroach (D:1)
  10 goblins
  4 hobgoblins (D:2)
  A quokka (D:2)
  A ball python (D:2)
  4 bats
  A frilled lizard (D:2)
  2 kobolds
  4 rats (D:2)
41 creatures vanquished.

Notes
Turn   | Place    | Note
-------+----------+-------------------------------------------
     0 | D:1      | Kairos the Demonspawn Skald began the quest for the Orb.
     0 | D:1      | Reached XP level 1. HP: 16/16 MP: 3/3
   139 | D:1      | Gained mutation: You are partially covered in sharp spines. [demonic ancestry]
   139 | D:1      | Reached XP level 2. HP: 20/22 MP: 5/5
   508 | D:2      | Reached skill level 3 in Charms
   551 | D:2      | Reached skill level 1 in Armour
   589 | D:2      | Gained mutation: You have a pair of small antennae on your head. [demonic ancestry]
   589 | D:2      | Reached XP level 3. HP: 23/27 MP: 6/6
   993 | D:2      | Found an ancient bone altar of Kikubaaqudgha.
  1007 | D:2      | Reached XP level 4. HP: 26/33 MP: 7/7
  1199 | D:2      | Noticed Robin
  1214 | D:2      | Killed Robin
  1214 | D:2      | Reached skill level 1 in Stealth
  1977 | D:$      | Got out of the dungeon alive.

Skill      XL: |  1  2  3  4 |
---------------+-------------+-----
Polearms       | 2 |  2.5
Charms         | 3 |  3.7
Armour         | 1 |  1.7
Dodging        | 2 |  2.1
Stealth        | 1 |  1.0
Fighting       | |  2.3
Spellcasting   | |  2.2

Action                   |  1- 3 |  4- 6 || total
-------------------------+-------+-------++-------
Melee: Spear             |    81 |    47 ||   128
 Cast: Infusion          |       |     1 ||     1
 Stab: Sleeping          |       |     3 ||     3
  Eat: Chunk             |       |     3 ||     3
Armor: Leather armour    |    18 |     4 ||    22
Dodge: Dodged            |    47 |    13 ||    60
